 Dungeon Crawl Stone Soup version 0.26-a0-652-gafc20e3620 (console) character file.

Game seed: 3515751766907671190

10113 om the Blocker (level 11, -1/92 HPs)
             Began as a Hill Orc Fighter on Oct 2, 2020.
             Was a Priest of Beogh.
             Slain by a hell hound (3 damage)
             ... on level 2 of the Abyss on Oct 3, 2020.
             The game lasted 00:21:12 (15353 turns).

om the Blocker (Hill Orc Fighter)                  Turns: 15353, Time: 00:21:13

Health: -1/92      AC: 17    Str: 20    XL:     11   Next: 57%
Magic:  2/15       EV: 13    Int:  8    God:    Beogh [***...]
Gold:   664        SH: 12    Dex: 18    Spells: 10/10 levels left

rFire    . . .     SeeInvis .   F - +0 war axe {vorpal, *Drain rC+++ Str-3 Dex+8} (curse)
rCold    + + +     Faith    .   c - +0 kite shield
rNeg     . . .     Spirit   .   z - +0 plate armour
rPois    .         Reflect  .   y - +0 helmet
rElec    .         Harm     .   C - +0 cloak
rCorr    .         Rampage  .   (no gloves)
MR       .....                  (no boots)
Stlth    ..........             (no amulet)
HPRegen  0.00/turn              p - ring of stealth
MPRegen  0.14/turn              x - +4 ring of evasion

@: non-regenerating, diseased
A: no striking features
a: Smiting, Renounce Religion


You were on level 2 of the Abyss.
You worshipped Beogh.
Beogh was most pleased with you.
You visited 1 branch of the dungeon, and saw 10 of its levels.
You visited the Abyss 1 time.

You collected 664 gold pieces.

Inventory:

Hand Weapons
 a - a +0 war axe
 F - the cursed +0 war axe "Lalerio" (weapon) {vorpal, *Drain rC+++ Str-3 Dex+8}
   (You found it on level 9 of the Dungeon)

   It inflicts extra damage upon your enemies.
   It affects your strength (-3).
   It affects your dexterity (+8).
   It renders you almost immune to cold.
   It causes draining when unequipped.
   It has a curse placed upon it.
Armour
 c - a +0 kite shield (worn)
 y - a +0 helmet (worn)
 z - a +0 plate armour (worn)
 C - a +0 cloak (worn)
Jewellery
 b - an uncursed ring of resist corrosion
 p - a ring of stealth (left hand)
 s - an uncursed amulet of regeneration {unknown}
 x - a +4 ring of evasion (right hand)
Wands
 o - a wand of digging (3)
 H - a wand of random effects (2)
Scrolls
 e - 7 scrolls of teleportation
 g - a scroll of immolation {unknown}
 j - a scroll of amnesia {unknown}
 l - 5 scrolls of random uselessness
 n - a scroll of fog {unknown}
 q - a scroll of magic mapping {unknown}
 t - 2 scrolls of enchant weapon
 u - 3 scrolls of fear
 v - 4 scrolls of remove curse {unknown}
 w - a scroll of blinking
 A - a scroll of identify
 B - 2 scrolls of enchant armour {unknown}
 D - a scroll of summoning {unknown}
Potions
 d - a potion of flight
 f - 3 potions of curing
 h - a potion of resistance
 k - 2 potions of lignification
 m - 2 potions of stabbing {unknown}
 r - 4 potions of brilliance
 E - a potion of cancellation {unknown}
 G - a potion of haste {unknown}


   Skills:
 - Level 7.0 Fighting
 - Level 8.0 Axes
 + Level 9.6 Armour
 - Level 6.0 Dodging
 + Level 4.3 Stealth
 - Level 10.0 Shields
 - Level 6.0 Invocations
 + Level 4.7 Evocations


You had 10 spell levels left.
You didn't know any spells.
Your spell library contained the following spells:

 Spells                   Type           Power        Failure   Level
 Sandblast                Erth           #.....       100%        1
 Passwall                 Tmut/Erth      #.......     100%        2
 Stone Arrow              Conj/Erth      #.....       100%        3
 Petrify                  Tmut/Erth      #.......     100%        4
 Lee's Rapid Deconstruct  Erth           #.........   100%        5


Dungeon Overview and Level Annotations

Branches:
Dungeon (10/15)            Temple (0/1) D:7            Lair (0/6) D:9
    Orc: D:9-12

Altars:
Hepliaklqana
Vehumet

Shops:
D:5 [   D:7 (

Annotations:
D:10 Sonja


Message History

You completely miss the smoke demon.
The smoke demon is almost dead.
You are engulfed in a cloud of scalding steam.
You block the smoke demon's attack. The smoke demon hits you.
* * * LOW HITPOINT WARNING * * *
The smoke demon hits you but does no damage.
You closely miss the smoke demon.
The smoke demon is almost dead.
You are engulfed in a cloud of scalding steam.
The smoke demon gestures at you. Something smites you!
* * * LOW HITPOINT WARNING * * *
The smoke demon gestures at you. The ball of steam hits you.
* * * LOW HITPOINT WARNING * * *
You hit the smoke demon.
You kill the smoke demon!
Beogh accepts your kill. The hell hound bites you.
You die...

. . . #
#. #. .
. # .
... # #
.## # ##
. .# #.
.. # ..
... # #.
###...
.# ... .
#. # ###
.. . #.#
..#@##
.# .. .
#...h##.
. #
##.#. #.
.# ..
.#. #..#
... ...
. #. ##.
† # # #
#.#†# #
..#...
#. .#
.#.. .
.. . #.
.. ##.
.>#. #
#. .#


You could see a hell hound.

Vanquished Creatures
  Snorg (D:10)
  Harold (D:7)
  A centaur zombie (D:10)
  A smoke demon (Abyss:2)
  Maggie (D:7)
  2 ancient zymes (Abyss:2)
  A troll (D:10)
  2 hippogriffs
  9 yaks
  Eustachio (D:4)
  A basilisk (D:8)
  3 porcupines
  8 hell hounds (Abyss:2)
  A sky beast (D:7)
  An eye of draining (D:8)
  4 phantoms
  4 centaurs
  5 ogres
  3 crocodiles (D:8)
  3 bullfrogs
  2 scorpions
  9 killer bees
  13 wights
  A vampire bat (D:5)
  A quasit (D:9)
  5 hounds
  A jelly (D:8)
  4 orc priests
  4 centaur skeletons
  A gnoll shaman (D:6)
  2 iguanas (D:7)
  Ijyb (D:3)
  5 orc wizards
  4 worker ants
  A hound zombie (D:7)
  A worker ant zombie (D:5)
  8 gnolls
  A howler monkey skeleton (D:6)
  14 adders
  2 shadow imps
  3 white imps
  2 ufetubi (D:8)
  An ooze (D:1)
  2 adder skeletons
  4 worms
  2 dart slugs (D:2)
  3 fire bats (D:5)
  4 leopard geckos
  30 orcs
  2 spectral bats (D:5)
  3 bat skeletons (D:5)
  A bat zombie (D:5)
  8 giant cockroaches
  12 hobgoblins
  7 jackals (D:1)
  3 quokkas
  2 ball pythons
  17 bats
  A bat simulacrum (D:5)
  6 frilled lizards
  20 goblins
  8 kobolds
  7 rats
281 creatures vanquished.

Vanquished Creatures (others)
  A fungus (D:9)
  28 plants
29 creatures vanquished.

Grand Total: 310 creatures vanquished

Notes
Turn   | Place    | Note
-------+----------+-------------------------------------------
     0 | D:1      | om the Hill Orc Fighter began the quest for the Orb.
     0 | D:1      | Reached XP level 1. HP: 19/19 MP: 1/1
    98 | D:1      | Reached XP level 2. HP: 16/27 MP: 2/2
   382 | D:1      | Reached XP level 3. HP: 32/33 MP: 3/3
   432 | D:1      | Reached skill level 1 in Dodging
  1085 | D:2      | Reached XP level 4. HP: 28/40 MP: 4/4
  1764 | D:2      | Reached skill level 4 in Shields
  1764 | D:2      | Reached XP level 5. HP: 34/46 MP: 5/5
  2674 | D:3      | Noticed Ijyb
  2692 | D:3      | Killed Ijyb
  2710 | D:3      | Reached XP level 6. HP: 52/52 MP: 6/6
  3486 | D:3      | Reached skill level 5 in Axes
  3903 | D:4      | Noticed Eustachio
  3927 | D:4      | Killed Eustachio
  3927 | D:4      | Reached skill level 5 in Armour
  3927 | D:4      | Reached skill level 5 in Shields
  3927 | D:4      | Reached XP level 7. HP: 58/59 MP: 7/7
  4022 | D:4      | Became a worshipper of Beogh the Brigand
  4753 | D:4      | Found a hazy altar of Hepliaklqana.
  5054 | D:5      | Entered Level 5 of the Dungeon
  5089 | D:5      | Found Xil Mut's Armour Boutique.
  5314 | D:5      | Reached * piety under Beogh
  5458 | D:5      | Reached skill level 5 in Fighting
  5672 | D:5      | Reached XP level 8. HP: 64/68 MP: 8/8
  8015 | D:7      | Reached ** piety under Beogh
  8243 | D:7      | Found a staircase to the Ecumenical Temple.
  8243 | D:7      | Noticed Harold
  8252 | D:7      | Killed Harold
  8252 | D:7      | Reached XP level 9. HP: 42/74 MP: 11/13
  8434 | D:7      | Found Niha Eso's Weapon Boutique.
  8750 | D:7      | Reached skill level 6 in Shields
  8855 | D:7      | Noticed Maggie
  8871 | D:7      | Killed Maggie
  9457 | D:7      | Reached skill level 5 in Dodging
 10130 | D:8      | Reached skill level 7 in Shields
 10130 | D:8      | Reached XP level 10. HP: 81/81 MP: 14/14
 10308 | D:8      | Found a radiant altar of Vehumet.
 10358 | D:8      | Reached skill level 8 in Shields
 11044 | D:8      | Reached skill level 9 in Shields
 11420 | D:8      | Reached skill level 10 in Shields
 11688 | D:8      | HP: 4/81 [porcupine (4)]
 12052 | D:8      | Found a radiant altar of Vehumet.
 12568 | D:9      | Found a staircase to the Lair.
 12774 | D:9      | Reached skill level 1 in Stealth
 12774 | D:9      | Reached skill level 1 in Evocations
 13116 | D:9      | Reached XP level 11. HP: 51/92 MP: 15/15
 13711 | D:9      | Got a shimmering war axe
 13712 | D:9      | Identified the cursed +0 war axe "Lalerio" {vorpal, *Drain
                  | rC+++ Str-3 Dex+8} (You found it on level 9 of the Dungeon)
 14244 | D:9      | Reached *** piety under Beogh
 14451 | D:10     | Entered Level 10 of the Dungeon
 14666 | D:10     | Noticed Snorg
 14685 | D:10     | Killed Snorg
 15259 | D:10     | Noticed Sonja
 15262 | D:10     | Cast into level 2 of the Abyss (Sonja)
 15274 | Abyss:2  | Found a corrupted altar of Lugonu.
 15352 | Abyss:2  | HP: 2/92 [smoke demon/ball of steam (6)]
 15353 | Abyss:2  | Slain by a hell hound

Illustrated notes

Levels and vault maps discovered:
D:1:      psy_arrival_conway, layout_basic, minmay_cupped
D:2:      layout_rooms
D:3:      layout_basic, uniq_ijyb
D:4:      cheibrodos_greedy_goblins, layout_cave_pods, kennysheep_mini,
          chequers_big_river, uniq_eustachio
D:5:      layout_rooms, serial_shops, shop, goddamned_bats
D:6:      layout_layer_cave
D:7:      layout_basic, minmay_temple_entry_enclosed_plants, serial_shops, shop,
          hangedman_abyss_or_decor_passed, uniq_harold, uniq_maggie
D:8:      layout_basic, basic_altar
D:9:      layout_cave_pods, minmay_lair_entry_grove, grunt_ministairs_4
D:10:     layout_layer_cave, hiddenorc1_lemuel, uniq_snorg, uniq_joseph,
          uniq_sonja
Abyss:2:  base:
D:3

Skill      XL: |  1  2  3  4  5  6  7  8  9 10 11 |
---------------+----------------------------------+-----
Axes           | 3 4 6 7 8 |  8.0
Fighting       | 4 5 7 |  7.0
Dodging        | 1 2 3 5 6 |  6.0
Armour         | 4 5 6 8 9 |  9.6
Shields        | 4 5 7 10 | 10.0
Invocations    | 6 |  6.0
Stealth        | 1 4 |  4.3
Evocations     | 2 4 |  4.7

Action                   |  1- 3 |  4- 6 |  7- 9 | 10-12 || total
-------------------------+-------+-------+-------+-------++-------
Melee: War axe           |    81 |   195 |   431 |   469 ||  1176
Invok: Convert to Beogh  |       |       |     1 |       ||     1
       Smiting           |       |       |       |     9 ||     9
  Use: Potion            |       |     3 |     1 |     7 ||    11
       Scroll            |       |       |    11 |     2 ||    13
Armor: Scale mail        |    62 |    86 |   145 |       ||   293
       Skin              |       |     1 |       |    23 ||    24
       Plate armour      |       |       |    30 |   280 ||   310
Dodge: Dodged            |    35 |    82 |   228 |   302 ||   647
Block: Kite shield       |    52 |   126 |   294 |   373 ||   845

Table legend: (Time is in decaauts)
 A = Elapsed time spent in this place.
 B = Non-inter-level travel time spent in this place.
 C = Inter-level travel time spent in this place.
 D = Time resting spent in this place.
 E = Time spent auto-exploring this place.
 F = Levels seen in this place.
 G = Mean time per level.
                   A        B        C        D        E       F      G
               +--------+--------+--------+--------+--------+-----+--------+
         Total |  15628 |  15121 |    507 |   4402 |   8208 |  11 | 1420.7 |
       Dungeon |  15530 |  15023 |    507 |   4402 |   8194 |  10 | 1553.0 |
         Abyss |     97 |     97 |      0 |      0 |     14 |   1 |   97.0 |
               +--------+--------+--------+--------+--------+-----+--------+

Top non-repeatable levels by time:
     D:8: 2653 daAuts
     D:6: 2118 daAuts
     D:9: 2020 daAuts
     D:7: 1861 daAuts
     D:1: 1590 daAuts
     D:2: 1324 daAuts
     D:4: 1232 daAuts
     D:3: 1029 daAuts
     D:5: 880 daAuts
    D:10: 819 daAuts
 Abyss:2: 97 daAuts
